 Dungeon Crawl Stone Soup version 0.19.1 (webtiles) character file.

558 M4edhros the Cudgeler (level 7, -17/46 HPs)
             Began as an Octopode Fighter on Dec 22, 2016.
             Demolished by a wyvern (19 damage)
             ... on level 4 of the Dungeon.
             The game lasted 00:05:41 (771 turns).

M4edhros the Cudgeler (Octopode Fighter)             Turns: 771, Time: 00:05:41

Health: -17/46     AC:  1    Str: 15    XL:     7   Next: 31%
Magic:  7/7        EV: 12    Int: 10    God:
Gold:   70         SH:  9    Dex: 14    Spells: 0 memorised, 6 levels left

rFire  . . .     SeeInvis .     l - +1 flail (protect)
rCold  . . .     Gourm    .     b - +0 shield
rNeg   . . .     Faith    .     (helmet restricted)
rPois  .         Spirit   .     (no amulet)
rElec  .         Reflect  .     (no ring)
rCorr  .         Harm     .     (no ring)
MR     .....                    (no ring)
Stlth  ++........               (no ring)
                                (no ring)
                                (no ring)
                                (no ring)
                                (no ring)

@: about to teleport
A: almost no armour, stealthy swim, amphibious, 8 rings, constrict 8, camouflage
1, gelatinous body 1
a: no special abilities


You were on level 4 of the Dungeon.
You were not hungry.

You visited 1 branch of the dungeon, and saw 6 of its levels.

You collected 70 gold pieces.

Inventory:

Hand Weapons
 a - a +0 flail
 i - a +0 hunting sling
 l - a +1 flail of protection (weapon)
Missiles
 j - 15 stones (quivered)
 k - 46 sling bullets
Armour
 b - a +0 shield (worn)
Scrolls
 c - a scroll of teleportation
 e - a scroll of identify
 f - a scroll of amnesia
Potions
 g - a potion of cure mutation
Comestibles
 d - 3 bread rations
 h - a beef jerky
 m - 4 chunks of flesh


   Skills:
 - Level 3.0 Fighting
 + Level 7.8 Maces & Flails
 - Level 3.0 Dodging
 - Level 3.0 Shields


You had 6 spell levels left.
You didn't know any spells.

Dungeon Overview and Level Annotations

Branches:
Dungeon (6/15)
 Temple: D:4-7

Altars:
Ashenzari
Ru
Vehumet

Annotations:
D:4 M4edhros's ghost, weakling OpNe
D:6 lupus83's ghost, novice DEFE


Innate Abilities, Weirdness & Mutations

You cannot wear most types of armour.
You are very stealthy in the water. (Stealth+)
You are amphibious.
You can wear up to eight rings at the same time.
You can use your tentacles to constrict eight enemies at once.
Your skin changes colour to match your surroundings (Stealth+).
Your rubbery body absorbs attacks. (AC +1, EV +1)


Message History

There is a shattered altar of Ashenzari here.
You open the door.
There is an open door here.
As you open the door, it creaks loudly!
A wyvern comes into view.
The wyvern hisses angrily.
A giant cockroach comes into view.
The wyvern completely misses you. You block the wyvern's attack.
There is an open door here.
Okay, then.
It was a potion of magic.
Magic courses through your body. You block the wyvern's attack.
You block the giant cockroach's attack. You block the wyvern's attack.
You aren't carrying any items that you can evoke.
As you read the scroll of teleportation, it crumbles to dust.
You feel strangely unstable. You block the wyvern's attack.
The wyvern bites you!
* * * LOW HITPOINT WARNING * * *
The wyvern bites you!!
You die...

....# #..............#...#...
....# #..............#...#...
....#######..............'...+...
.........................#...#...
...........####'####.....#####...
####...#.#.#.......#.............
+...._..#.......######....[...
#...#.#.#............#........
#.......#....@.......+........
#.......+....l.......#........
#.......#....s..##...######...
#.......#####'### ....# #...
#.......#.............# #...
#.......#.............# ...
#.............# #............
+............


You could see a wyvern and a giant cockroach.

Vanquished Creatures
  Prince Ribbit (D:6)
  Edmund (D:4)
  Blork the orc (D:4)
  3 orc wizards (D:5)
  A centaur skeleton (D:5)
  An iguana (D:5)
  2 adders
  2 shadow imps (D:5)
  A worm (D:3)
  A leopard gecko (D:1)
  2 orcs (D:5)
  A bat (D:1)
  A hobgoblin (D:1)
  2 frilled lizards (D:2)
  A goblin (D:3)
  2 kobolds
  A rat (D:2)
24 creatures vanquished.

Notes
Turn   | Place    | Note
-------+----------+-------------------------------------------
     0 | D:1      | M4edhros the Octopode Fighter began the quest for the Orb.
     0 | D:1      | Reached XP level 1. HP: 16/16 MP: 1/1
   131 | D:2      | Reached skill level 3 in Maces & Flails
   131 | D:2      | Reached XP level 2. HP: 18/21 MP: 2/2
   224 | D:3      | Reached XP level 3. HP: 23/26 MP: 3/3
   310 | D:4      | Noticed Edmund
   322 | D:4      | Killed Edmund
   322 | D:4      | Reached skill level 5 in Maces & Flails
   322 | D:4      | Reached XP level 4. HP: 7/31 MP: 4/4
   322 | D:4      | Reached XP level 5. HP: 8/36 MP: 5/5
   400 | D:5      | Entered Level 5 of the Dungeon
   450 | D:6      | Noticed Prince Ribbit
   454 | D:6      | Killed Prince Ribbit
   454 | D:6      | Reached skill level 7 in Maces & Flails
   454 | D:6      | Reached XP level 6. HP: 5/42 MP: 6/6
   491 | D:6      | Found a sacrificial altar of Ru.
   491 | D:6      | Found a radiant altar of Vehumet.
   542 | D:6      | Noticed lupus83's ghost (novice DEFE)
   604 | D:5      | Reached XP level 7. HP: 21/46 MP: 7/7
   675 | D:4      | Noticed Blork the orc
   684 | D:4      | Killed Blork the orc
   721 | D:4      | Noticed M4edhros's ghost (weakling OpNe)
   739 | D:4      | Found a shattered altar of Ashenzari.
   765 | D:4      | Noticed a wyvern
   769 | D:4      | HP: 2/46 [wyvern (9)]
   771 | D:4      | Demolished by a wyvern

Skill      XL: |  1  2  3  4  5 |
---------------+----------------+-----
Maces & Flails | 3 5 7 |  7.8
Fighting       | |  3.0
Dodging        | |  3.0
Shields        | |  3.0

Action                   |  1- 3 |  4- 6 |  7- 9 || total
-------------------------+-------+-------+-------++-------
Melee: Flail             |    32 |    18 |    17 ||    67
       Constrict         |    10 |     6 |     4 ||    20
       Tentacles         |     6 |     3 |     2 ||    11
  Use: Potion            |     2 |     1 |     1 ||     4
       Scroll            |       |     5 |     2 ||     7
 Stab: Sleeping          |     4 |       |       ||     4
Armor: Skin              |       |     2 |     3 ||     5
Dodge: Dodged            |    14 |     8 |    11 ||    33
Block: Shield            |    15 |     7 |    11 ||    33
